 Dungeon Crawl Stone Soup version 0.22-a0-165-g89cf10f13c (webtiles) character file.

540 Fuhrer the Chopper (level 7, 0/96 HPs)
             Began as a Deep Dwarf Berserker on Feb 13, 2018.
             Was a Priest of Trog.
             Killed by divine providence
             ... invoked by an orc priest
              (10 damage)
             ... on level 4 of the Dungeon.
             The game lasted 00:13:20 (2623 turns).

Fuhrer the Chopper (Deep Dwarf Berserker)           Turns: 2623, Time: 00:13:20

Health: 0/96       AC: 10    Str: 26    XL:     7   Next: 5%
Magic:  7/7        EV: 12    Int:  9    God:    Trog [***...]
Gold:   138        SH:  0    Dex: 12    Spells: 6/6 levels left

rFire    . . .     SeeInvis .   a - +0 hand axe
rCold    . . .     Gourm    .   (no shield)
rNeg     . . .     Faith    .   i - +0 scale mail
rPois    .         Spirit   .   g - +0 helmet
rElec    .         Reflect  .   q - +0 cloak
rCorr    .         Harm     .   (no gloves)
MR       +....                  w - +0 pair of boots
Stlth    ..........             (no amulet)
HPRegen  0.00/turn              (no ring)
MPRegen  0.10/turn              (no ring)

@: berserking, starving, non-regenerating, very quick
A: damage resistance, heal wounds, sense surroundings 1, no regeneration
a: Heal Wounds, Berserk, Trog's Hand, Burn Spellbooks, Renounce Religion


You were on level 4 of the Dungeon.
You worshipped Trog.
Trog was most pleased with you.
You were starving.

You visited 1 branch of the dungeon, and saw 4 of its levels.

You collected 138 gold pieces.

Inventory:

Hand Weapons
 a - a +0 hand axe (weapon)
Missiles
 r - 17 poisoned needles
Armour
 d - a +0 leather armour
 g - a +0 helmet (worn)
 i - a +0 scale mail (worn)
 q - a +0 cloak (worn)
 w - a +0 pair of boots (worn)
Jewellery
 B - a +2 ring of intelligence {unknown}
Wands
 p - a wand of random effects (22)
 s - a wand of scattershot (4)
 t - a wand of enslavement (10)
 y - a wand of digging (6)
Scrolls
 b - a scroll of immolation {unknown}
 e - 2 scrolls of noise {unknown}
 k - a scroll of blinking {unknown}
 l - a scroll of remove curse {unknown}
 n - 5 scrolls of identify {unknown}
 o - a scroll of fear {unknown}
 u - 2 scrolls of teleportation {unknown}
Potions
 f - a potion of might {unknown}
 h - 2 potions of lignification {unknown}
 j - 2 potions of heal wounds {unknown}
 m - a potion of mutation {unknown}
 v - 3 potions of magic {unknown}
 z - a potion of invisibility {unknown}
 A - 2 potions of brilliance {unknown}
Comestibles
 c - 5 rations


   Skills:
 + Level 4.3 Fighting
 + Level 5.2 Axes
 + Level 4.6 Armour
 + Level 4.5 Dodging


You had 6 spell levels left.
You didn't know any spells.

Dungeon Overview and Level Annotations

Branches:
Dungeon (4/15)
 Temple: D:4-7

Altars:
Ashenzari
Fedhas
Nemelex Xobeh
The Shining One


Innate Abilities, Weirdness & Mutations

You are resistant to damage.
You can heal yourself by infusing magical energy.
You passively map a small area around you.
You do not regenerate.


Message History

The orc priest misses you.
You hit the orc priest but do no damage.
The orc priest is moderately wounded.
The orc priest hits you but does no damage.
You barely miss the orc priest.
The orc priest is moderately wounded.
You hit the orc priest but do no damage.
The orc priest is moderately wounded.
The orc priest hits you with a flail.
You barely miss the orc priest.
The orc priest is moderately wounded.
The orc priest calls down the wrath of Beogh upon you.
Pain shoots through your body!
* * * LOW HITPOINT WARNING * * *
A red film seems to cover your vision as you go berserk!
You feel yourself moving faster!
You feel mighty!
You are starving!
The orc priest invokes the aid of Beogh against you.
Beogh smites you!
You die...

, *###)###'##.....#
#.).....#.....#
#.).....#.oo..
########......+ ....*
#......######'#.....
#...................# ,
#[..................+
#...................# *
#..o@.....?.........# *
.....###################
.... ... , , , * ,, , ∩*
* * ≈ , ≈≈


You could see an orc priest.

Vanquished Creatures
  Sigmund (D:2)
  A scorpion (D:3)
  A crimson imp (D:3)
  An orc priest (D:4)
  Crazy Yiuf (D:2)
  An orc wizard (D:4)
  Jessica (D:2)
  Terence (D:2)
  A worker ant (D:4)
  5 adders
  An adder skeleton (D:4)
  2 worms
  3 leopard geckos
  6 orcs (D:4)
  2 ball pythons
  5 giant cockroaches
  5 goblins
  11 hobgoblins
  6 jackals
  2 quokkas
  7 bats
  7 frilled lizards
  7 kobolds
  5 rats
83 creatures vanquished.

Notes
Turn   | Place    | Note
-------+----------+-------------------------------------------
     0 | D:1      | Fuhrer the Deep Dwarf Berserker began the quest for the Orb.
     0 | D:1      | Reached XP level 1. HP: 20/20 MP: 1/1
   100 | D:1      | Reached XP level 2. HP: 27/27 MP: 2/2
   489 | D:1      | Reached ** piety under Trog
   495 | D:1      | Reached XP level 3. HP: 32/34 MP: 3/3
   859 | D:2      | Noticed Jessica
   866 | D:2      | Killed Jessica
   866 | D:2      | Reached skill level 4 in Axes
   866 | D:2      | Reached XP level 4. HP: 42/42 MP: 4/4
   981 | D:2      | Noticed Sigmund
   993 | D:2      | Killed Sigmund
   993 | D:2      | Reached XP level 5. HP: 39/50 MP: 5/5
  1045 | D:2      | Noticed Terence
  1052 | D:2      | Killed Terence
  1052 | D:2      | Reached XP level 6. HP: 45/57 MP: 6/6
  1187 | D:2      | Found a runed door.
  1191 | D:2      | Noticed Crazy Yiuf
  1200 | D:2      | Killed Crazy Yiuf
  1427 | D:3      | Found a shattered altar of Ashenzari.
  1617 | D:3      | Found a sparkling altar of Nemelex Xobeh.
  1690 | D:3      | Found a glowing golden altar of the Shining One.
  1831 | D:3      | Reached *** piety under Trog
  1933 | D:3      | Reached skill level 5 in Axes
  2277 | D:4      | Found a blossoming altar of Fedhas.
  2589 | D:4      | Reached XP level 7. HP: 36/64 MP: 7/7
  2623 | D:4      | Killed from afar by an orc priest

Vault maps used:
D:1:      minmay_arrival_cross, minmay_pentomino_u4
D:2:      uniq_terence, uniq_jessica, uniq_sigmund, uniq_crazy_yiuf_cottage
D:3:      old_standard_altar, lemuel_crystal_altar, ashenzari_altar_1,
          corexii_corridor_pit
D:4:      kennysheep_mini_moat, cheibrodos_sewer_entry_bend, first_ration

Skill      XL: |  1  2  3  4  5  6 |
---------------+-------------------+-----
Fighting       | 3 4 |  4.3
Dodging        | 3 4 |  4.5
Armour         | 3 4 |  4.6
Axes           | 4 5 |  5.2

Action                   |  1- 3 |  4- 6 |  7- 9 || total
-------------------------+-------+-------+-------++-------
Melee: Hand axe          |   123 |   150 |    19 ||   292
Invok: Berserk           |     4 |     6 |     1 ||    11
       Trog's Hand       |       |     1 |       ||     1
  Eat: Chunk             |     3 |    11 |       ||    14
Armor: Leather armour    |    25 |       |       ||    25
       Scale mail        |    23 |    66 |     3 ||    92
Dodge: Dodged            |    86 |    78 |     6 ||   170

Table legend:
 A = Spawn XP
 B = Non-spawn XP
 C = Spawn XP percentage of total XP
 D = Spawn monster count
 E = Non-spawn monster count
 F = Spawn count percentage of total count
 G = Total turns spent on level
                    A         B        C        D         E        F      G
               +---------+---------+-------+---------+---------+-------+---------
         Total |       0 |     772 |   0.0 |       0 |      83 |   0.0 |  2623
               +---------+---------+-------+---------+---------+-------+---------
           D:1 |       0 |      43 |   0.0 |       0 |      25 |   0.0 |   602
           D:2 |       0 |     414 |   0.0 |       0 |      26 |   0.0 |   825
           D:3 |       0 |     153 |   0.0 |       0 |      17 |   0.0 |   791
           D:4 |       0 |     162 |   0.0 |       0 |      15 |   0.0 |   405
               +---------+---------+-------+---------+---------+-------+---------
